 Dungeon Crawl Stone Soup version 0.29-a0-334-gb41bcbb86e (webtiles) character file.

Game seed: 8535234286296728297

98989 freelancePsychic the Fighter (level 15, -5/138 HPs)
             Began as a Black Draconian Wanderer on Apr 14, 2022.
             Was a High Priest of Vehumet.
             Shot with a bolt by a yaktaur captain (15 damage)
             ... on level 14 of the Dungeon.
             The game lasted 01:23:04 (41301 turns).

freelancePsychic the Fighter (DrWn)                Turns: 41301, Time: 01:23:05

Health: -5/138     AC: 16    Str: 14    XL:     15   Next: 76%
Magic:  30/32      EV: 21    Int: 22    God:    Vehumet [*****.]
Gold:   527        SH:  7    Dex:  9    Spells: 19/41 levels left

rFire   + . .      SeeInvis +   U - +4 short sword of Currency {venom, rF+ rC+ SInv Stlth-}
rCold   + . .      Faith    .   P - +3 buckler
rNeg    + . .      Spirit   .   (body armour unavailable)
rPois   +          Reflect  .   (helmet restricted)
rElec   +          Harm     .   u - +2 cloak
rCorr   .          Rampage  .   s - +2 pair of gloves
Will    +....                   R - +0 pair of boots
Stlth   ++........              W - amulet of Wicezog {RegenMP rN+}
HPRegen 0.33/turn               k - ring of poison resistance
MPRegen 0.63/turn               Q - ring of the Hare {EV+8}

@: flying
A: breathe lightning, AC +9, unfitting armour, big wings, electricity
resistance, cold-blooded
a: Breathe Lightning, Renounce Religion


You were on level 14 of the Dungeon.
You worshipped Vehumet.
Vehumet was extremely pleased with you.
You visited 4 branches of the dungeon, and saw 24 of its levels.

You collected 3105 gold pieces.
You spent 2578 gold pieces at shops.

Inventory:

Hand Weapons
 b - a +3 whip of electrocution
 j - a +1 hand axe
 U - the +4 short sword of Currency (weapon) {venom, rF+ rC+ SInv Stlth-}
   (You found it on level 5 of the Lair of Beasts)

   It poisons the flesh of those it strikes.
   rF:        It protects you from fire.
   rC:        It protects you from cold.
   SInv:      It lets you see invisible.
   Stlth:     It makes you less stealthy.
 X - a +0 club
Missiles
 B - 2 throwing nets
Armour
 s - a +2 pair of gloves (worn)
 u - a +2 cloak (worn)
 P - a +3 buckler (worn)
 R - a +0 pair of boots (worn)
Magical Staves
 a - a staff of cold
 p - a staff of fire
Jewellery
 c - a ring of fire
 k - a ring of poison resistance (left hand)
 o - an amulet of the acrobat
 t - a +6 ring of strength
 G - a ring of protection from cold
 H - a ring of ice
 I - a ring of positive energy
 O - a +6 ring of intelligence
 Q - the ring of the Hare (right hand) {EV+8}
   (You bought it in a shop on level 1 of the Dungeon)

   [ring of evasion]

   EV:        It affects your evasion (+8).
 T - a ring of willpower
 W - the amulet of Wicezog (around neck) {RegenMP rN+}
   (You acquired it on level 13 of the Dungeon)

   [amulet of magic regeneration]

   It increases your rate of magic regeneration.
   rN:        It protects you from negative energy.
Wands
 y - a wand of flame (13)
 D - a wand of iceblast (12)
 F - a wand of acid (9)
 M - a wand of charming (6)
 N - a wand of digging (5)
 S - a wand of paralysis (4)
Scrolls
 g - 2 scrolls of silence
 h - 5 scrolls of magic mapping
 i - a scroll of amnesia
 q - 2 scrolls of fog
 x - a scroll of enchant armour
 A - a scroll of blinking
 C - 4 scrolls of identify {@r1}
 K - 2 scrolls of teleportation {@r4}
 L - a scroll of enchant weapon
 V - a scroll of holy word
 Y - 2 scrolls of immolation
Potions
 d - 16 potions of curing {@q1}
 e - 4 potions of might
 f - 8 potions of flight
 l - 4 potions of mutation
 m - 9 potions of brilliance
 n - 4 potions of cancellation
 r - 4 potions of resistance
 v - 2 potions of invisibility
 w - 2 potions of berserk rage
 E - 5 potions of lignification
 J - a potion of haste {@q3}
 Z - a potion of ambrosia {unknown}


   Skills:
 - Level 14.2 Fighting
 - Level 2.0 Axes
 - Level 6.3 Dodging
 - Level 7.9 Stealth
 - Level 4.0 Shields
 - Level 13.5 Spellcasting
 - Level 4.7 Conjurations
 - Level 9.0 Hexes
 - Level 10.0 Summonings
 * Level 11.1 Ice Magic
 - Level 5.6 Air Magic


You had 19 spell levels left.
You knew the following spells:

 Your Spells              Type           Power      Damage    Failure   Level
a - Ozocubu's Refrigerat  Ice            29%        4d10      13%         7
b - Summon Ice Beast      Ice/Summ       57%        N/A       1%          4
c - Summon Mana Viper     Hex/Summ       54%        N/A       3%          5
d - Conjure Ball Lightni  Conj/Air       18%        3x3d6     24%         6

Your spell library contained the following spells:

 Spells                   Type           Power      Damage    Failure   Level
 Freeze                   Ice            100%       1d11      1%          1
 Shock                    Conj/Air       100%       1d9       1%          1
 Ensorcelled Hibernation  Hex/Ice        100%       N/A       1%          2
 Conjure Flame            Conj/Fire      25%        6-21      1%          3
 Dazzling Flash           Conj/Hex       90%        N/A       1%          3
 Inner Flame              Hex/Fire       34%        N/A       1%          3
 Ozocubu's Armour         Ice            59%        N/A       1%          3
 Stone Arrow              Conj/Erth      50%        3d10      1%          3
 Cause Fear               Hex            26%        N/A       1%          4
 Hailstorm                Conj/Ice       49%        3d11      1%          4
 Metabolic Englaciation   Hex/Ice        28%        N/A       2%          5
 Ice Form                 Ice/Tmut       39%        N/A       5%          4
 Iskenderun's Battlesphe  Conj           35%        2d9       6%          5
 Silence                  Hex/Air        23%        N/A       8%          5
 Blink                    Tloc           28%        N/A       9%          2
 Anguish                  Hex/Necr       17%        N/A       9%          4
 Summon Cactus Giant      Summ           28%        N/A       14%         6
 Lesser Beckoning         Tloc           14%        N/A       16%         3
 Spider Form              Tmut/Pois      14%        N/A       16%         3
 Summon Forest            Summ/Tloc      18%        N/A       19%         5
 Spellforged Servitor     Conj/Summ      23%        N/A       45%         7
 Petrify                  Tmut/Erth      14%        N/A       47%         4
 Iron Shot                Conj/Erth      12%        9d3       58%         6
 Agony                    Necr           14%        N/A       83%         5
 Manifold Assault         Tloc           14%        N/A       83%         5
 Malign Gateway           Summ/Tloc      18%        N/A       99%         7
 Summon Horrible Things   Summ           28%        N/A       99%         8
 Statue Form              Tmut/Erth      9%         N/A       100%        6
 Dragon Form              Tmut           7%         N/A       100%        7
 Discord                  Hex            26%        N/A       100%        8
 Dragon's Call            Summ           28%        N/A       100%        9


Dungeon Overview and Level Annotations

Branches:
Dungeon (15/15)            Temple (1/1) D:7            Lair (6/6) D:11
 Shoals (0/4) Lair:4       Spider (0/4) Lair:2        Slime (0/5) Lair:6
    Orc (2/2) D:12            Elf (0/3) Orc:2        Vaults (0/5) D:14
 Depths (0/4) D:15

Altars:
Ashenzari
Cheibriados
Dithmenos
Elyvilon
Fedhas
Gozag
Hepliaklqana
Kikubaaqudgha
Makhleb
Nemelex Xobeh
Okawaru
Qazlal
Ru
Sif Muna
Trog
Uskayaw
Vehumet
Wu Jian
Xom
Yredelemnul
Zin
The Shining One
Beogh
Jiyva
Lugonu

Shops:
D:1 =   D:5 (*[*   D:8 !   D:13 ([?[(   D:15 [   Orc:2 ![**

Portals:
Abyss: D:4 Lair:6

Annotations:
D:2 exclusion: downstairs
D:3 Sigmund
D:10 1 runed translucent door
D:13 3 runed translucent doors, exclusions: deep elf high priest and wizard, Nessos; Poshitef's ghost, journeyman DsIE; Zaevetera's ghost, journeyman TeAE
D:14 1 runed translucent door, iguanaiguana's ghost, adept FoAK


Innate Abilities, Weirdness & Mutations

You can breathe wild blasts of lightning.
Your glossy black scales are hard. (AC +9)
You cannot fit into any form of body armour.
Your large and strong wings let you fly.
You are resistant to electric shocks. (rElec)
You are cold-blooded and may be slowed by cold attacks.


Message History

You are too injured to fight recklessly!
Unknown command.
Cast which spell? (? or * to list)
A mana viper appears with a sibilant hiss.
The fire giant hits you with a +1 great sword of flaming!!
The fire giant burns you. The yaktaur captain closely misses you.
You hit the fire giant.
The fire giant is lightly wounded.
The fire giant hits you with a +1 great sword of flaming!
The fire giant burns you.
Your mana viper bites the fire giant.
The fire giant's magic leaks into the air.
The yaktaur captain hits you!!
* * * LOW HITPOINT WARNING * * *
You feel much better.
The fire giant's magic is no longer disrupted.
Your mana viper bites the fire giant!
The fire giant's magic leaks into the air.
The fire giant hits you with a +1 great sword of flaming!!
* * * LOW HITPOINT WARNING * * *
The fire giant burns you.
* * * LOW HITPOINT WARNING * * *
The yaktaur captain completely misses you.
Your mana viper completely misses the fire giant.
You feel much better.
The fire giant hits you with a +1 great sword of flaming!!
* * * LOW HITPOINT WARNING * * *
The fire giant burns you.
* * * LOW HITPOINT WARNING * * *
Your mana viper completely misses the fire giant.
You block the yaktaur captain's attack.
Blink to where?
Press: ? - help, Dir - move target
As you read the scroll of blinking, it crumbles to dust.
Your mana viper barely misses the fire giant.
The fire giant points at you and mumbles some strange words.
The bolt of fire hits you! You resist.
* * * LOW HITPOINT WARNING * * *
The yaktaur captain wields a +0 arbalest.
The yaktaur captain shoots a bolt.
The bolt hits you!
You die...

#...##.##.## ### #.##.# #.
.#.........# .## ##C.# #.
#.#.##.##..# #.# ##c### #.
##.###.##..# #.# #..# #. ###
#.##.<# #.# #.## #. #.##.Y#
#.# #.# #. #.##..# #.####.#
#. #.##..#######......# #.
#.##.......@.......########.
#...(..#.........c.......(..
####.#...###.#....ยง########.
#.##.## #.##..C## #. #....#
#....S..... .. ######
########### ##


You could see a fire giant (very poisoned, ally target, magic disrupted), a
yaktaur captain and a friendly mana viper (summoned).

Vanquished Creatures
  A tengu reaver (D:13)
  An ice dragon (D:15)
  An ogre mage (D:13)
  4 centaur warriors
  A two-headed ogre (D:13)
  A death yak (Lair:6)
  A death knight (D:15)
  2 nameless horrors
  3 orc knights (Orc:2)
  A large abomination (Lair:6)
  An orc sorcerer (Orc:1)
  2 ugly things (D:13)
  A cyclops (D:14)
  Maggie (D:7)
  A freezing wraith (D:13)
  A meliai (D:13)
  A troll (shapeshifter) (Lair:6)
  A troll (D:8)
  6 blink frogs (Lair:6)
  A small abomination (Lair:6)
  A spriggan (Lair:6)
  7 yaks
  2 basilisks (Lair:6)
  2 humans (D:14)
  A hog (D:12)
  Eustachio (D:5)
  A vampire mosquito (D:11)
  3 steam dragons
  3 wargs (Orc:2)
  A water moccasin (Lair:5)
  14 orc warriors
  A boggart (D:13)
  An ogre (D:5)
  4 centaurs
  A phantom (D:6)
  A kobold brigand (D:7)
  2 scorpions (D:5)
  5 wights
  A killer bee (Lair:2)
  2 electric eels
  A howler monkey (D:8)
  A crimson imp (D:4)
  3 orc priests
  3 hounds (D:5)
  2 jellies
  A gnoll shaman (D:8)
  2 iguanas
  8 orc wizards
  5 hell rats
  9 adders
  5 gnolls
  4 white imps
  3 ufetubi
  A worm (D:2)
  4 dart slugs
  49 orcs
  4 endoplasms
  4 giant cockroaches
  8 goblins
  9 hobgoblins
  16 kobolds
  2 quokkas (D:3)
  8 ball pythons
  6 bats
  A frilled lizard (D:3)
  2 rats (D:3)
247 creatures vanquished.

Vanquished Creatures (collateral kills)
  A sphinx (D:13)
  A frost giant (D:11)
  A stone giant (D:13)
  An ettin (D:11)
  Josephine (D:13)
  Fannar (Lair:2)
  2 fire dragons
  A hydra (D:15)
  2 vault guards (D:14)
  A boulder beetle (D:13)
  5 centaur warriors
  A catoblepas (Lair:5)
  7 two-headed ogres
  Erica (D:10)
  A tengu warrior (D:13)
  6 death yaks
  3 thrashing horrors (Lair:6)
  2 orc high priests (Orc:2)
  6 skeletal warriors
  Sonja (D:13)
  A sea snake (shapeshifter) (D:14)
  An orb spider (shapeshifter) (Lair:6)
  5 orc knights (Orc:2)
  6 ugly things
  Pikel (D:5)
  A deep elf pyromancer (D:15)
  A mana viper (shapeshifter) (D:13)
  An orc sorcerer (Orc:2)
  14 cyclopes
  2 manticores
  4 black mambas
  A smoke demon (Lair:6)
  2 torpor snails
  2 gargoyles (D:12)
  13 cane toads
  A freezing wraith (D:15)
  3 yaktaurs (D:13)
  An unseen horror (D:10)
  8 rime drakes
  An efreet (D:13)
  7 komodo dragons
  A tengu conjurer (D:12)
  3 ancient zymes (Lair:6)
  A polar bear (Lair:6)
  4 trolls
  7 slime creatures (D:14)
  A raiju (shapeshifter) (D:14)
  A large abomination (Lair:6)
  21 blink frogs
  The ghost of Cecur the Sneak, an amateur OpTm of Gozag (D:4)
  7 dream sheep (Lair:4)
  28 yaks
  2 wyverns
  A vampire (D:6)
  2 ynoxinuls (Lair:6)
  8 humans
  7 wraiths
  3 hogs (D:12)
  4 basilisks
  A chaos spawn (Lair:6)
  13 wargs
  7 steam dragons (Lair:2)
  3 vampire mosquitoes (D:11)
  9 water moccasins
  9 small abominations (Lair:6)
  3 acid dragons
  Duvessa (D:4)
  A nameless horror (D:11)
  A black bear (D:5)
  26 orc warriors
  An ice beast (D:7)
  A sky beast (D:5)
  9 ogres
  12 centaurs
  4 wolves
  2 phantoms (D:6)
  4 kobold brigands
  12 bullfrogs
  2 wights (D:9)
  Dowan (D:4)
  A killer bee (Lair:2)
  A crimson imp (D:4)
  2 howler monkeys (D:8)
  9 orc priests
  A jelly (D:7)
  12 orc wizards
  6 hell rats
  2 gnolls (D:4)
  64 orcs
  18 kobolds
461 creatures vanquished.

Vanquished Creatures (others)
  A human (D:14)
  An orc (Orc:2)
  24 bushes (Lair:4)
  41 fungi
  89 plants
  2 withered plants (D:14)
158 creatures vanquished.

Grand Total: 866 creatures vanquished

Notes
Turn   | Place    | Note
-------+----------+-------------------------------------------
     0 | D:1      | freelancePsychic the Draconian Wanderer began the quest for
                  | the Orb.
     0 | D:1      | freelancePsychic set off with the following items: a +1
                  | hand axe, a scroll of fog; and the following spell
                  | memorised: Freeze; and the following spells available to
                  | memorise: Ozocubu's Armour, Summon Ice Beast
     0 | D:1      | Reached XP level 1. HP: 17/17 MP: 2/2
     0 | D:1      | Noticed an orb of fire
     0 | D:1      | Noticed a yellow draconian
     1 | D:1      | Noticed an iron dragon
     6 | D:1      | Noticed a large abomination
     8 | D:1      | Noticed an iron dragon
     9 | D:1      | Noticed an ice dragon
    11 | D:1      | Noticed a large abomination
    13 | D:1      | Noticed an iron dragon
    13 | D:1      | Noticed an ice dragon
    15 | D:1      | Noticed an ice dragon
    15 | D:1      | Noticed a large abomination
    17 | D:1      | Noticed a tentacled monstrosity
    17 | D:1      | Noticed an ice dragon
    17 | D:1      | Noticed an ice dragon
    19 | D:1      | Noticed a large abomination
    21 | D:1      | Noticed a large abomination
    39 | D:1      | Found Wavemp's Jewellery Boutique.
   321 | D:1      | Found a faded altar of an unknown god.
   333 | D:1      | Reached XP level 2. HP: 25/25 MP: 3/3
   397 | D:1      | Reached skill level 1 in Summonings
  1071 | D:2      | Reached XP level 3. HP: 29/30 MP: 0/4
  1780 | D:3      | Noticed Sigmund
  1977 | D:3      | Found a shimmering altar of Xom.
  2342 | D:3      | Reached XP level 4. HP: 28/37 MP: 5/5
  2816 | D:4      | Reached skill level 3 in Fighting
  2992 | D:4      | Reached skill level 5 in Ice Magic
  2992 | D:4      | Reached XP level 5. HP: 40/45 MP: 3/6
  3026 | D:4      | Learned a level 4 spell: Summon Ice Beast
  3683 | D:4      | Noticed Dowan
  3758 | D:4      | Reached XP level 6. HP: 27/51 MP: 2/7
  4022 | D:4      | Found a one-way gate to the infinite horrors of the Abyss.
  4022 | D:4      | Noticed Cecur's ghost (amateur OpTm)
  4151 | D:4      | Found a transporter.
  4161 | D:4      | Found a transporter.
  4245 | D:4      | Noticed Duvessa
  4476 | D:4      | Found a glowing silver altar of Zin.
  4735 | D:5      | Entered Level 5 of the Dungeon
  4767 | D:5      | Found Duni's Assorted Antiques.
  4770 | D:5      | Found Wioc Bet's Armour Shoppe.
  4787 | D:5      | Bought a +0 pair of gloves for 49 gold pieces
  4799 | D:5      | Found a large runed translucent door.
  4824 | D:5      | Found a large runed translucent door.
  4840 | D:5      | Found a white marble altar of Elyvilon.
  4895 | D:5      | Noticed a sky beast
  4929 | D:5      | Reached skill level 4 in Fighting
  5113 | D:5      | Found Holiurik's Weapon Shoppe.
  5126 | D:5      | Killed a sky beast
  5127 | D:5      | Your scales start taking on a glossy black colour.
  5127 | D:5      | Reached XP level 7. HP: 24/59 MP: 4/8
  5127 | D:5      | Gained mutation: You are resistant to electric shocks.
                  | (rElec) [Black Draconian growth]
  5500 | D:5      | Found Zeapargh's Assorted Antiques.
  5549 | D:5      | Reached skill level 5 in Summonings
  5549 | D:5      | Bought a fizzy brown potion for 20 gold pieces
  5549 | D:5      | Bought a sapphire potion for 20 gold pieces
  5549 | D:5      | Bought a metallic sapphire potion for 20 gold pieces
  5813 | D:5      | Found a glowing golden altar of the Shining One.
  6008 | D:6      | Noticed Pikel
  6048 | D:6      | Noticed a steam dragon
  6072 | D:6      | Noticed Eustachio
  6261 | D:5      | Killed Pikel
  6262 | D:5      | Reached skill level 5 in Fighting
  6262 | D:5      | Reached XP level 8. HP: 50/69 MP: 3/11
  6405 | D:5      | Killed Eustachio
  6869 | D:6      | Found a sacrificial altar of Ru.
  6884 | D:6      | Became a worshipper of Ru the Awakened
  6900 | D:6      | Reached skill level 6 in Fighting
  7096 | D:6      | Found an ancient bone altar of Kikubaaqudgha.
  7578 | D:6      | Reached XP level 9. HP: 74/78 MP: 9/14
  8152 | D:7      | Found a staircase to the Ecumenical Temple.
  8168 | Temple   | Entered the Ecumenical Temple
  8226 | Temple   | Fell from the grace of Ru
  8226 | Temple   | Became a worshipper of Vehumet
  8355 | D:7      | Noticed Maggie
  8372 | D:7      | Killed Maggie
  8373 | D:7      | Reached skill level 1 in Hexes
  9389 | D:7      | Reached skill level 7 in Fighting
  9551 | D:8      | Found Hunuote's Distillery.
  9610 | D:8      | Bought a potion of heal wounds for 60 gold pieces
  9799 | D:8      | Reached * piety under Vehumet
  9799 | D:8      | Offered knowledge of Foxfire by Vehumet.
  9973 | D:8      | Noticed a troll
  9982 | D:8      | Killed a troll
  9983 | D:8      | Reached skill level 5 in Spellcasting
 10095 | D:8      | Reached XP level 10. HP: 87/88 MP: 9/17
 10448 | D:8      | Found a hide-covered altar of Uskayaw.
 10455 | D:8      | Learned a level 5 spell: Summon Mana Viper
 10593 | D:8      | Noticed a nameless horror
 10597 | D:8      | Killed a nameless horror
 10598 | D:8      | Reached skill level 8 in Fighting
 11630 | D:9      | Found a blossoming altar of Fedhas.
 11727 | D:9      | Found a shadowy altar of Dithmenos.
 12249 | D:10     | Entered Level 10 of the Dungeon
 12799 | D:10     | Offered knowledge of Shock by Vehumet.
 12813 | D:10     | Reached ** piety under Vehumet
 13120 | D:10     | Noticed a harpy
 13120 | D:10     | Found the +8 longbow "Zephyr" {speed, Dex+3 SInv}
 13121 | D:10     | Noticed a seven-headed hydra
 13121 | D:10     | Found a runed translucent door.
 13123 | D:10     | Noticed a stone giant
 13123 | D:10     | Noticed a purple very ugly thing
 13123 | D:10     | Noticed a glowing orange brain
 13123 | D:10     | Noticed a yaktaur captain
 13260 | D:10     | Noticed Erica
 13269 | D:10     | Killed Erica
 13270 | D:10     | Reached skill level 9 in Fighting
 13270 | D:10     | Reached skill level 5 in Hexes
 13270 | D:10     | Reached skill level 10 in Summonings
 13643 | D:10     | Found an opulent altar of Gozag.
 13659 | D:10     | Found a basalt altar of Yredelemnul.
 13705 | D:10     | Found a broken altar of Ashenzari.
 13818 | D:10     | Noticed a sea snake
 13853 | D:11     | Noticed a two-headed ogre
 13868 | D:11     | Killed a two-headed ogre
 13945 | D:11     | Noticed a cyclops
 13953 | D:11     | Killed a cyclops
 13954 | D:11     | Reached XP level 11. HP: 97/97 MP: 12/21
 14295 | D:11     | Reached skill level 10 in Fighting
 14330 | D:11     | Noticed a red ugly thing
 14554 | D:11     | Found a staircase to the Lair.
 14559 | D:11     | Noticed a skeletal warrior
 14929 | D:11     | Killed a skeletal warrior
 15295 | D:11     | Offered knowledge of Conjure Flame by Vehumet.
 15639 | Lair:1   | Entered Level 1 of the Lair of Beasts
 15918 | D:11     | Noticed a skeletal warrior
 15921 | D:11     | Noticed a skeletal warrior
 15922 | D:11     | Noticed a two-headed ogre
 16034 | D:11     | Killed a red ugly thing
 16035 | D:11     | Reached skill level 11 in Fighting
 16215 | D:11     | Noticed a two-headed ogre
 16225 | D:11     | Killed a two-headed ogre
 16483 | D:11     | Reached *** piety under Vehumet
 16502 | D:11     | Reached XP level 12. HP: 91/110 MP: 7/24
 16683 | D:11     | Noticed a frost giant
 16708 | D:11     | Killed a frost giant
 16871 | D:11     | Identified the +8 eveningstar "Duiwnar" {venom, rElec rN+}
 16872 | D:11     | Identified the +5 shortbow "Xoal" {freeze, Str+5 Int+4}
 16873 | D:11     | Identified the +0 hunting sling of Exhibitionism {venom,
                  | Int+3}
 16907 | D:11     | Got the Volume of Burning Conjuration
 16910 | D:11     | Identified the +6 hand axe of Puifai {freeze, +Blink Int+3
                  | Dex+3}
 17008 | D:11     | Noticed an ettin
 17025 | D:11     | Killed an ettin
 18224 | D:10     | Noticed a boulder beetle
 18305 | D:11     | Killed a two-headed ogre
 18597 | Lair:1   | Identified the +4 arbalest of Winter {venom, rF- Dex+4}
 18794 | Lair:1   | Reached skill level 5 in Dodging
 18796 | Lair:1   | Offered knowledge of Flame Wave by Vehumet.
 18797 | Lair:1   | Reached skill level 10 in Spellcasting
 20267 | Lair:2   | Noticed Fannar
 20283 | Lair:2   | Killed Fannar
 20284 | Lair:2   | Reached skill level 1 in Stealth
 20284 | Lair:2   | Reached XP level 13. HP: 100/116 MP: 16/27
 20604 | Lair:2   | Reached **** piety under Vehumet
 20802 | Lair:2   | Offered knowledge of Lightning Bolt by Vehumet.
 21643 | D:4      | Killed Duvessa
 21646 | D:4      | Killed Dowan
 21708 | D:1      | Bought the ring of the Hare {EV+8} for 1408 gold pieces
 21708 | D:1      | Found the ring of the Hare {EV+8}
 22205 | Lair:2   | Found a hole to the Spider Nest.
 23643 | Lair:4   | Found a staircase to the Shoals.
 23870 | Lair:4   | Reached skill level 5 in Stealth
 24644 | Lair:5   | Identified the +4 short sword of Currency {venom, rF+ rC+
                  | SInv Stlth-}
 25141 | Lair:5   | Reached ***** piety under Vehumet
 25745 | Lair:5   | Reached skill level 12 in Fighting
 25880 | Lair:5   | Offered knowledge of Hailstorm by Vehumet.
 26212 | Lair:6   | Entered Level 6 of the Lair of Beasts
 26258 | Lair:6   | Found a sacrificial altar of Ru.
 26985 | Lair:6   | Gained mutation: Your large and strong wings let you fly.
                  | [Black Draconian growth]
 26985 | Lair:6   | Reached XP level 14. HP: 56/127 MP: 21/30
 27969 | Lair:6   | Found a viscous altar of Jiyva.
 27969 | Lair:6   | Found a staircase to the Slime Pits.
 29314 | Lair:6   | Found a corrupted altar of Lugonu.
 29330 | Lair:6   | Reached skill level 13 in Fighting
 29744 | D:4      | Killed Cecur's ghost
 30200 | D:12     | Found a staircase to the Orcish Mines.
 30220 | D:12     | Reached skill level 1 in Shields
 31870 | D:13     | Found Basy's Magic Scroll Emporium.
 31936 | D:13     | Found Ollil's Antique Weapon Shoppe.
 31946 | D:13     | Noticed Sonja
 31975 | D:13     | Killed Sonja
 32106 | D:13     | Found Jesiogec's Armour Shoppe.
 32219 | D:13     | Noticed Nessos
 32269 | D:13     | Found a runed translucent gate.
 32269 | D:13     | Found a runed translucent gate.
 32269 | D:13     | Found a runed translucent gate.
 32309 | D:13     | Noticed Zaevetera's ghost (journeyman TeAE)
 32309 | D:13     | Noticed Poshitef's ghost (journeyman DsIE)
 32336 | D:13     | Found Epseuzuh's Antique Armour Boutique.
 32362 | D:13     | Found Tephales's Antique Weapon Emporium.
 33355 | D:13     | Noticed a tengu reaver
 33377 | D:13     | Killed a tengu reaver
 33378 | D:13     | Reached skill level 14 in Fighting
 33627 | D:13     | Got Sif Muna's Collected Works on Cold
 34072 | D:13     | Noticed Josephine
 34202 | D:13     | Killed Josephine
 34367 | D:13     | Offered knowledge of Conjure Ball Lightning by Vehumet.
 34375 | D:13     | Learned a level 6 spell: Conjure Ball Lightning
 34417 | D:13     | Noticed a sphinx
 34417 | D:13     | Noticed a stone giant
 34446 | D:13     | Killed a sphinx
 34447 | D:13     | Reached skill level 1 in Conjurations
 34447 | D:13     | Reached skill level 1 in Air Magic
 34572 | D:13     | Killed a stone giant
 34967 | Orc:1    | Entered Level 1 of the Orcish Mines
 35321 | Orc:1    | Reached XP level 15. HP: 138/138 MP: 25/32
 35493 | D:13     | Bought a scroll of acquirement for 884 gold pieces
 35493 | D:13     | Acquired the amulet of Wicezog {RegenMP rN+}
 35914 | Orc:2    | Entered Level 2 of the Orcish Mines
 35955 | Orc:2    | Paralysed by an orc sorcerer for 2 turns
 36555 | Orc:2    | Reached skill level 5 in Air Magic
 36915 | Orc:2    | Found Lorapnic's Distillery.
 36915 | Orc:2    | Found Nenesy's Antique Armour Shoppe.
 36949 | Orc:2    | Offered knowledge of Ozocubu's Refrigeration by Vehumet.
 37014 | Orc:2    | Paralysed by an orc sorcerer for 2 turns
 37366 | Orc:1    | Learned a level 7 spell: Ozocubu's Refrigeration
 37654 | Orc:2    | Found a staircase to the Elven Halls.
 37812 | Orc:2    | Found Amuj's Assorted Antiques.
 37812 | Orc:2    | Found Viddyah's General Store.
 37817 | Orc:2    | Bought a scroll of teleportation for 117 gold pieces
 38248 | D:14     | Found a runed translucent door.
 38249 | D:14     | Noticed iguanaiguana's ghost (adept FoAK)
 38788 | D:14     | Found a gate to the Vaults.
 39319 | D:14     | Noticed a fire giant
 39480 | D:15     | Entered Level 15 of the Dungeon
 39518 | D:15     | Reached skill level 10 in Ice Magic
 40094 | D:15     | Found a glowing silver altar of Zin.
 40863 | D:15     | Found a staircase to the Depths.
 40975 | D:15     | Found Keuqost's Antique Armour Shoppe.
 41301 | D:14     | Shot with a bolt by a yaktaur captain

Illustrated notes

Levels and vault maps discovered:
D:1:      shiori_arrival_whats_in_store_for_you, layout_basic,
          basic_ecumenical_altar, serial_shops, nicolae_shop_crystal,
          hangedman_decor_lopped
D:2:      layout_basic, dreamdust_princess_corridor, minmay_misc_feat_encased
D:3:      layout_basic, xom_confusion_cloud, uniq_sigmund
D:4:      layout_layer_cave, mainiacjoe_overflow_chevrons,
          gammafunk_ghost_abyssal_escape, uniq_duvessa
D:5:      layout_rooms, jmf_multi_god_temple2, serial_shops,
          nicolae_diamond_shop, shop, shop, nicolae_shop_advertising_works
          [nicolae_subvault_shop_adworks], guppyfry_early_lair_pool
D:6:      layout_cave_pods, kennysheep_little_box, mainiacjoe_overflow_alcove_1,
          uniq_pikel, uniq_eustachio
D:7:      layout_basic, minmay_temple_entry_drinking_statues, uniq_maggie
D:8:      layout_loops_corners, nicolae_uskayaw_dance_hall, serial_shops, shop
D:9:      layout_loops_ring, mainiacjoe_overflow_tiny_flanked,
          lemuel_doored_altar, minivault_16
D:10:     minmay_gate_of_8, layout_irregular_city, nicolae_ashenzari_skybound,
          mainiacjoe_overflow_swirl, uniq_erica
D:11:     giant_chief_lemuel, layout_irregular_city, david_lair_shrubbed
D:12:     layout_rooms, orc_0_dummy, nrook_loot_triangle, grunt_livestock
D:13:     minmay_tearing_corner, layout_small_grid, serial_shops, shop, shop,
          nicolae_stop_n_shop_2, nicolae_shop_statue_plus, nicolae_shop_crystal,
          gammafunk_ghost_cemetery, eino_small_chamber_without_monster,
          uniq_nessos, uniq_sonja, uniq_josephine
D:14:     minmay_glassy_protrusions, layout_loops_ring,
          ximxim_vaults_locker_room, gammafunk_ghost_grave, nrook_mini_vaults
D:15:     grunt_enter_depths_hoard, layout_irregular_city, serial_shops, shop,
          zin_academy
Temple:   zaba_magenta_temple
Lair:1:   layout_regular_city, st_stairs_3, grunt_megastairs_2
Lair:2:   layout_cave_shapes, hellmonk_spider_entry_not_the_bees,
          bobbens_dragon_lair_wall, infiniplex_staircase_pool,
          lemuel_fruit_fields, uniq_fannar
Lair:3:   layout_small_grid
Lair:4:   layout_cave_pods, minmay_shoals_entry_centaurs, minmay_hedge_maze
Lair:5:   layout_cave_pods, hangedman_lair_unloving_vines,
          nicolae_quartered_pool_impasse
Lair:6:   hellmonk_lair_end_abyssal_woods, layout_gridlike,
          dpeg_slime_entry_enclosed_altar, basic_altar
Orc:1:    layout_caves
Orc:2:    st_orc_town, layout_caves, nicolae_orc_stony_grotto

Skill      XL: |  1  2  3  4  5  6  7  8  9 10 11 12 13 14 15 |
---------------+----------------------------------------------+-----
Summonings     | 1 2 3 4 6 7 9 10 | 10.0
Fighting       | 3 4 5 6 7 9 11 12 14 | 14.2
Ice Magic      | 5 6 11 | 11.1
Spellcasting   | 2 3 5 6 8 10 12 13 | 13.5
Hexes          | 3 5 7 9 |  9.0
Dodging        | 2 6 |  6.3
Stealth        | 1 6 7 |  7.9
Shields        | 4 |  4.0
Conjurations   | 2 4 |  4.7
Air Magic      | 2 5 |  5.6
Axes           | |  2.0

Action                   |  1- 3 |  4- 6 |  7- 9 | 10-12 | 13-15 || total
-------------------------+-------+-------+-------+-------+-------++-------
Melee: Hand axe          |    70 |    54 |       |       |       ||   124
       Tailslap          |     6 |    12 |    16 |    17 |   139 ||   190
       Punch             |     1 |       |     1 |       |     1 ||     3
       Whip              |       |    13 |    83 |    21 |       ||   117
       Staff             |       |       |    20 |    75 |    15 ||   110
       Short sword       |       |       |       |       |   687 ||   687
 Cast: Freeze            |    40 |    60 |    70 |    61 |    21 ||   252
       Summon Ice Beast  |       |     2 |    28 |    69 |   190 ||   289
       Summon Mana Viper |       |       |       |    67 |   209 ||   276
 Abil: Breathe Lightning |       |       |     3 |     1 |     3 ||     7
Evoke: Wand              |       |       |       |     7 |     3 ||    10
  Use: Scroll            |     3 |     5 |     7 |     9 |    25 ||    49
       Potion            |       |     3 |     2 |       |    15 ||    20
 Stab: Distracted        |       |       |       |       |     5 ||     5
       Sleeping          |       |       |       |       |     3 ||     3
Armor: Skin              |    34 |    50 |    83 |    74 |   282 ||   523
Dodge: Dodged            |    64 |    75 |   216 |   244 |  1269 ||  1868
Block: Buckler           |       |       |       |       |   365 ||   365

Table legend: (Time is in decaauts)
 A = Elapsed time spent in this place.
 B = Non-inter-level travel time spent in this place.
 C = Inter-level travel time spent in this place.
 D = Time resting spent in this place.
 E = Time spent auto-exploring this place.
 F = Levels seen in this place.
 G = Mean time per level.
                   A        B        C        D        E       F      G
               +--------+--------+--------+--------+--------+-----+--------+
         Total |  41533 |  39079 |   2454 |   4255 |  27801 |  24 | 1730.5 |
       Dungeon |  28222 |  26256 |   1966 |   3472 |  18136 |  15 | 1881.5 |
        Temple |     84 |     65 |     19 |      0 |     45 |   1 |   84.0 |
          Lair |  10648 |  10255 |    393 |    330 |   8393 |   6 | 1774.7 |
  Orcish Mines |   2577 |   2502 |     75 |    453 |   1227 |   2 | 1288.5 |
               +--------+--------+--------+--------+--------+-----+--------+

Top non-repeatable levels by time:
    D:11: 4000 daAuts
    D:13: 3386 daAuts
  Lair:6: 2862 daAuts
    D:10: 2743 daAuts
  Lair:5: 2128 daAuts
     D:5: 1976 daAuts
  Lair:1: 1886 daAuts
    D:15: 1809 daAuts
     D:8: 1638 daAuts
     D:9: 1614 daAuts
     D:6: 1565 daAuts
     D:4: 1519 daAuts
   Orc:2: 1468 daAuts
     D:7: 1424 daAuts
     D:3: 1419 daAuts
